cohdb
Replays
Latest Replays
All Replays
Popular Replays
Top Player Replays
Match Explorer
How It Works
Community
CoH3 Stats
Reddit
Sign in to upload your games and track your stats! →
Sign in with Steam
Match 43801136
Unlisted
Match 43801136
Overview
Messages
Build Orders
End
Panzergrenadier Squad
Panzergrenadier Squad
Construct Light Support Kompanie
2.5-tonne Medical Truck
2.5-tonne Medical Truck
Selects Italian Infantry
Selects Sound the Alarm
MG34 Team
Fire Support Elements
le.IG 18 Support Gun Team
Construct Mechanized Kompanie
le.IG 18 Support Gun Team
8 Rad Armored Car
StuG III D Assault Gun
Selects Guastatori Squad
Selects Territory Booby Traps
Selects Registered Artillery
Guastatori Squad
Construct Panzerarmee Kommand
FlyingDutchman
hongsb0312
老番茄
admiral_gnar
whoas
Toyota111
0
0
Comments
sign in to comment!
No comments posted yet!